SNL (28 & UNDER)
SALEM SILVER SOULS @ NEW HAMPSHIRE FISHER CATS
09/29/2024
 
TOP OF THE 1ST
Salem Silver Souls batting - Pitching for New Hampshire Fisher Cats : RHP Enrique Valdés
Pitching: RHP Enrique Valdés
Batting: LHB Raúl Cordero 0-0: Ball
1-0: Called Strike
1-1: Fly out, F8 (Flyball, 8RM)
Batting: SHB Todd Smith 0-0: Foul Ball, location: 2F
0-1: Swinging Strike
0-2: Strikes out swinging
Batting: RHB Lonson Seals 0-0: Swinging Strike
0-1: Swinging Strike
0-2: Ball
1-2: Strikes out looking
Top of the 1st over - 0 run(s), 0 hit(s), 0 error(s), 0 left on base; Salem 0 - New Hampshire 0
BOTTOM OF THE 1ST
New Hampshire Fisher Cats batting - Pitching for Salem Silver Souls : RHP Andy Hickey
Pitching: RHP Andy Hickey
Batting: RHB Franklin Lawrence 0-0: Ball
1-0: Swinging Strike
1-1: Ball
2-1: Ball
3-1: Base on Balls
Batting: LHB Gustavo Lozano 0-0: Ball
Franklin Lawrence is caught stealing 2nd base
1-0: Ball
2-0: Called Strike
2-1: SINGLE (Line Drive, 6MD)
Batting: RHB Billy Campbell 0-0: Ball
1-0: Swinging Strike
1-1: Ball
2-1: Called Strike
2-2: SINGLE (Line Drive, 56D)
Gustavo Lozano to second
Batting: RHB Chris Parker 0-0: Grounds into double play, 6-4-3 (Groundball, 6)
Bottom of the 1st over - 0 run(s), 2 hit(s), 0 error(s), 1 left on base; Salem 0 - New Hampshire 0
TOP OF THE 2ND
Salem Silver Souls batting - Pitching for New Hampshire Fisher Cats : RHP Enrique Valdés
Batting: LHB Bill Smith 0-0: Swinging Strike
0-1: Swinging Strike
0-2: Foul Ball, location: 2F
0-2: Ball
1-2: Ground out 1-3 (Groundball, 13S)
Batting: LHB Jeff Doss 0-0: Ball
1-0: Swinging Strike
1-1: DOUBLE (Line Drive, 9LM)
Batting: SHB Francis Shaffer 0-0: SINGLE (Line Drive, 56)
Jeff Doss to third
Runner from 3rd tries for Home, SAFE, throw made home
Batting: RHB Juan López 0-0: Ball
1-0: Called Strike
1-1: Swinging Strike
1-2: Foul Ball, location: 2F
1-2: Ball
2-2: Foul Ball, location: 2F
2-2: SINGLE (Groundball, 56D)
Francis Shaffer to second
Batting: RHB Alejandro Martínez 0-0: Swinging Strike
0-1: Called Strike
0-2: Ball
1-2: Ball
2-2: Strikes out swinging
Batting: RHB Anthony Wells 0-0: Swinging Strike
0-1: Ball
1-1: SINGLE (Line Drive, 7LS)
Francis Shaffer to third
Juan López to second
Runner from 3rd tries for Home, SAFE, no throw or cutoff
Batting: LHB Raúl Cordero 0-0: Ball
1-0: Foul Ball, location: 2F
1-1: Called Strike
1-2: Ball
2-2: SINGLE (Groundball, 56D)
Juan López to third
Anthony Wells to second
Runner from 3rd tries for Home, SAFE, no throw or cutoff
Batting: SHB Todd Smith 0-0: Ball
1-0: Called Strike
1-1: Ball
2-1: SINGLE (Flyball, 89S)
Anthony Wells to third
Raúl Cordero to second
Runner from 3rd tries for Home, SAFE, throw made at trailing runner, SAFE at third!
Batting: RHB Lonson Seals 0-0: Ball
1-0: SINGLE (Line Drive, 8RS)
Raúl Cordero scores
Todd Smith to second
Batting: LHB Bill Smith 0-0: Called Strike
0-1: Ball
1-1: Ball
2-1: Ball
3-1: Called Strike
3-2: SINGLE (Line Drive, 6D)
Todd Smith to third
Lonson Seals to second
Todd Smith scores
Lonson Seals to third
Batting: LHB Jeff Doss 0-0: Ball
1-0: Foul Ball, location: 2F
1-1: Ball
2-1: Ball
3-1: Fly out, F3 (Popup, 3SF)
Top of the 2nd over - 6 run(s), 8 hit(s), 0 error(s), 2 left on base; Salem 6 - New Hampshire 0
BOTTOM OF THE 2ND
New Hampshire Fisher Cats batting - Pitching for Salem Silver Souls : RHP Andy Hickey
Batting: LHB Don Ramey 0-0: Ball
1-0: Fly out, F9 (Flyball, 9M)
Batting: RHB Júlio Trinidad 0-0: Ball
1-0: Called Strike
1-1: Called Strike
1-2: Ball
2-2: Foul Ball, location: 2F
2-2: Foul Ball, location: 2F
2-2: Foul Ball, location: 2F
2-2: Foul Ball, location: 2F
2-2: Ground out 5-3 (Groundball, 56)
Batting: RHB Benjamin Lawson 0-0: Hit by Pitch
Batting: RHB Tim Robertson 0-0: Ball
Benjamin Lawson is caught stealing 2nd base
Bottom of the 2nd over - 0 run(s), 0 hit(s), 0 error(s), 0 left on base; Salem 6 - New Hampshire 0
TOP OF THE 3RD
Salem Silver Souls batting - Pitching for New Hampshire Fisher Cats : RHP Enrique Valdés
Batting: SHB Francis Shaffer 0-0: Ball
1-0: Foul Ball, location: 2F
1-1: Ball
2-1: Called Strike
2-2: Foul Ball, location: 2F
2-2: Fly out, F8 (Flyball, 8LD)
Batting: RHB Juan López 0-0: Called Strike
0-1: Ball
1-1: Foul Ball, location: 2F
1-2: Strikes out swinging
Batting: RHB Alejandro Martínez 0-0: Called Strike
0-1: Ball
1-1: Called Strike
1-2: Fly out, F7 (Flyball, 7M)
Top of the 3rd over - 0 run(s), 0 hit(s), 0 error(s), 0 left on base; Salem 6 - New Hampshire 0
BOTTOM OF THE 3RD
New Hampshire Fisher Cats batting - Pitching for Salem Silver Souls : RHP Andy Hickey
Batting: RHB Tim Robertson 0-0: Foul Ball, location: 2F
0-1: Fly out, F4 (Line Drive, 4M)
Batting: RHB Santiago Vallés 0-0: Fly out, F7 (Flyball, 78XD)
Batting: RHB Franklin Lawrence 0-0: Ball
1-0: Ball
2-0: Called Strike
2-1: Swinging Strike
2-2: Ball
3-2: Fly out, F7 (Flyball, 78M)
Bottom of the 3rd over - 0 run(s), 0 hit(s), 0 error(s), 0 left on base; Salem 6 - New Hampshire 0
TOP OF THE 4TH
Salem Silver Souls batting - Pitching for New Hampshire Fisher Cats : RHP Enrique Valdés
Batting: RHB Anthony Wells 0-0: Called Strike
0-1: Foul Ball, location: 2F
0-2: Foul Ball, location: 2F
0-2: Fly out, F4 (Popup, 4)
Batting: LHB Raúl Cordero 0-0: Ball
1-0: Ball
2-0: Foul Ball, location: 2F
2-1: Ball
3-1: Base on Balls
Batting: SHB Todd Smith 0-0: Ball
1-0: Called Strike
1-1: Ball
2-1: Called Strike
2-2: Foul Ball, location: 2F
2-2: Ball
3-2: Fly out, F7 (Flyball, 7LM)
Batting: RHB Lonson Seals 0-0: Ball
1-0: Ball
2-0: Fly out, F8 (Flyball, 8RS)
Top of the 4th over - 0 run(s), 0 hit(s), 0 error(s), 1 left on base; Salem 6 - New Hampshire 0
BOTTOM OF THE 4TH
New Hampshire Fisher Cats batting - Pitching for Salem Silver Souls : RHP Andy Hickey
Batting: LHB Gustavo Lozano 0-0: Called Strike
0-1: Foul Ball, location: 2F
0-2: Foul Ball, location: 2F
0-2: Foul Ball, location: 2F
0-2: Fly out, F6 (Popup, 4MD)
Batting: RHB Billy Campbell 0-0: Fly out, F6 (Popup, 56)
Batting: RHB Chris Parker 0-0: Foul Ball, location: 2F
0-1: Ball
1-1: Called Strike
1-2: Ball
2-2: Ground out 2-3 (Groundball, 2L)
Bottom of the 4th over - 0 run(s), 0 hit(s), 0 error(s), 0 left on base; Salem 6 - New Hampshire 0
TOP OF THE 5TH
Salem Silver Souls batting - Pitching for New Hampshire Fisher Cats : RHP Enrique Valdés
Batting: LHB Bill Smith 0-0: Ball
1-0: Foul Ball, location: 2F
1-1: Foul Ball, location: 2F
1-2: Ball
2-2: Ball
3-2: Foul Ball, location: 2F
3-2: Foul Ball, location: 2F
3-2: Strikes out swinging
Pitching: RHP Ron Scott
Batting: LHB Jeff Doss 0-0: Called Strike
0-1: Ball
1-1: Ball
2-1: Ball
3-1: Base on Balls
Batting: SHB Francis Shaffer 0-0: Ball
1-0: Foul Ball, location: 2F
1-1: Ball
2-1: Swinging Strike
2-2: Fly out, F7 (Flyball, 7M)
Batting: RHB Juan López 0-0: Ball
1-0: Ball
2-0: Called Strike
2-1: Foul Ball, location: 2F
2-2: Ball
3-2: Foul Ball, location: 2F
3-2: SINGLE (Groundball, 6D)
Jeff Doss to second
Jeff Doss to third
Batting: RHB Alejandro Martínez Pickoff Throw to First - Out!
Top of the 5th over - 0 run(s), 1 hit(s), 0 error(s), 0 left on base; Salem 6 - New Hampshire 0
BOTTOM OF THE 5TH
New Hampshire Fisher Cats batting - Pitching for Salem Silver Souls : RHP Andy Hickey
Batting: LHB Don Ramey 0-0: Called Strike
0-1: Ball
1-1: Ball
2-1: Ground out U3 (Groundball, 3L)
Batting: RHB Júlio Trinidad 0-0: DOUBLE (Flyball, 78D)
Batting: RHB Benjamin Lawson 0-0: Ball
1-0: Ball
2-0: Called Strike
2-1: Called Strike
2-2: Ball
3-2: Foul Ball, location: 2F
3-2: Foul Ball, location: 2F
Balk!
Júlio Trinidad to third
3-2: Base on Balls
Batting: RHB Tim Robertson 0-0: Ball
Benjamin Lawson steals 2nd base
1-0: Fly out, F7 (Flyball, 7D)
Runner from 3rd tags up, SCORES, no throw
Batting: RHB Santiago Vallés 0-0: Ball
1-0: Called Strike
1-1: Foul Ball, location: 2F
1-2: Ball
2-2: Strikes out looking
Bottom of the 5th over - 1 run(s), 1 hit(s), 0 error(s), 1 left on base; Salem 6 - New Hampshire 1
TOP OF THE 6TH
Salem Silver Souls batting - Pitching for New Hampshire Fisher Cats : RHP Ron Scott
Batting: RHB Alejandro Martínez 0-0: Ball
1-0: Foul Ball, location: 2F
1-1: Ball
2-1: Foul Ball, location: 2F
2-2: Foul Ball, location: 2F
2-2: Strikes out swinging
Batting: RHB Anthony Wells 0-0: Ball
1-0: Foul Ball, location: 2F
1-1: Ball
2-1: Ball
3-1: Swinging Strike
3-2: Strikes out swinging
Batting: LHB Raúl Cordero 0-0: Called Strike
0-1: Ground out 4-3 (Groundball, 34)
Top of the 6th over - 0 run(s), 0 hit(s), 0 error(s), 0 left on base; Salem 6 - New Hampshire 1
BOTTOM OF THE 6TH
New Hampshire Fisher Cats batting - Pitching for Salem Silver Souls : RHP Andy Hickey
Batting: RHB Franklin Lawrence 0-0: Called Strike
0-1: Foul Ball, location: 2F
0-2: Foul Ball, location: 2F
0-2: Foul Ball, location: 2F
0-2: SINGLE (Line Drive, 56)
Pitching: RHP Dave Woods
Batting: LHB Gustavo Lozano 0-0: Foul Ball, location: 2F
0-1: Ball
1-1: Swinging Strike
1-2: Ground out 3-1 (Groundball, 34S)
Franklin Lawrence to second
Batting: RHB Billy Campbell 0-0: Called Strike
0-1: Ground out 6-3 (Groundball, 6)
Franklin Lawrence to third
Batting: RHB Chris Parker 0-0: Ball
1-0: Called Strike
1-1: Ball
2-1: DOUBLE (Line Drive, 9LD)
Franklin Lawrence scores
Batting: LHB Don Ramey 0-0: Called Strike
0-1: Ball
1-1: Ball
2-1: Foul Ball, location: 2F
2-2: Ground out 5-3 (Groundball, 56)
Bottom of the 6th over - 1 run(s), 2 hit(s), 0 error(s), 1 left on base; Salem 6 - New Hampshire 2
TOP OF THE 7TH
Salem Silver Souls batting - Pitching for New Hampshire Fisher Cats : RHP Ron Scott
Batting: SHB Todd Smith 0-0: Swinging Strike
0-1: DOUBLE (Line Drive, 78M)
Batting: RHB Lonson Seals 0-0: Ball
1-0: Foul Ball, location: 2F
1-1: Called Strike
1-2: Foul Ball, location: 2F
1-2: Foul Ball, location: 2F
1-2: Foul Ball, location: 2F
1-2: Ground out 5-3 (Groundball, 5)
Pitching: LHP George Colgan
Batting: LHB Bill Smith 0-0: Called Strike
0-1: Foul Ball, location: 2F
0-2: Fly out, F7 (Flyball, 78D)
Batting: LHB Jeff Doss 0-0: Ball
1-0: SINGLE (Line Drive, 4D)
Todd Smith to third
Runner from 3rd tries for Home, SAFE, no throw or cutoff
Batting: SHB Francis Shaffer 0-0: Ball
1-0: DOUBLE (Line Drive, 9LM)
Jeff Doss to third
Batting: RHB Juan López 0-0: Ball
1-0: Swinging Strike
1-1: Swinging Strike
1-2: Foul Ball, location: 2F
1-2: Fly out, F9 (Flyball, 9S)
Top of the 7th over - 1 run(s), 3 hit(s), 0 error(s), 2 left on base; Salem 7 - New Hampshire 2
BOTTOM OF THE 7TH
New Hampshire Fisher Cats batting - Pitching for Salem Silver Souls : RHP Dave Woods
Batting: RHB Júlio Trinidad 0-0: Called Strike
0-1: Ground out 3-1 (Groundball, 3L)
Batting: RHB Benjamin Lawson 0-0: Ball
1-0: Ground out 5-3 (Groundball, 56)
Batting: RHB Tim Robertson 0-0: Ball
1-0: Swinging Strike
1-1: Foul Ball, location: 2F
1-2: DOUBLE (Flyball, 9LD) - OUT at third base trying to stretch hit.
Bottom of the 7th over - 0 run(s), 1 hit(s), 0 error(s), 0 left on base; Salem 7 - New Hampshire 2
TOP OF THE 8TH
Salem Silver Souls batting - Pitching for New Hampshire Fisher Cats : LHP George Colgan
Batting: RHB Alejandro Martínez 0-0: Ball
1-0: SINGLE (Groundball, 34D)
Batting: RHB Anthony Wells 0-0: Bunt missed!
0-1: Ball
1-1: Bunted foul
1-2: Ball
2-2: Foul Ball, location: 2F
2-2: Strikes out swinging
Batting: LHB Raúl Cordero 0-0: Foul Ball, location: 2F
0-1: Called Strike
0-2: Foul Ball, location: 2F
0-2: Ball
1-2: Foul Ball, location: 2F
1-2: Strikes out swinging
Batting: SHB Todd Smith 0-0: Called Strike
0-1: DOUBLE (Line Drive, 5L)
Alejandro Martínez to third
Batting: RHB Lonson Seals 0-0: Called Strike
0-1: Ball
1-1: Ground out 1-3 (Groundball, 13S)
Top of the 8th over - 0 run(s), 2 hit(s), 0 error(s), 2 left on base; Salem 7 - New Hampshire 2
BOTTOM OF THE 8TH
New Hampshire Fisher Cats batting - Pitching for Salem Silver Souls : RHP Dave Woods
Pitching: LHP Pat Candelária
Batting: RHB Santiago Vallés 0-0: Swinging Strike
0-1: Swinging Strike
0-2: Ball
1-2: DOUBLE (Groundball, 5L)
Batting: RHB Franklin Lawrence 0-0: Foul Ball, location: 2F
0-1: Ground out 4-3 (Groundball, 4M)
Santiago Vallés to third
Batting: LHB Gustavo Lozano 0-0: SINGLE (Flyball, 78S)
Santiago Vallés scores
Batting: RHB Billy Campbell 0-0: Ball
1-0: Ball
2-0: Called Strike
2-1: Foul Ball, location: 2F
2-2: Foul Ball, location: 2F
2-2: Grounds into double play, 4-6-3 (Groundball, 4)
Bottom of the 8th over - 1 run(s), 2 hit(s), 0 error(s), 0 left on base; Salem 7 - New Hampshire 3
TOP OF THE 9TH
Salem Silver Souls batting - Pitching for New Hampshire Fisher Cats : LHP George Colgan
Batting: LHB Bill Smith 0-0: Foul Ball, location: 2F
0-1: Ground out U3 (Groundball, 3S)
Batting: LHB Jeff Doss 0-0: Called Strike
0-1: Fly out, F4 (Line Drive, 4M)
Batting: SHB Francis Shaffer 0-0: Ball
1-0: Swinging Strike
1-1: Ball
2-1: Foul Ball, location: 2F
2-2: Ball
3-2: Base on Balls
Batting: RHB Juan López 0-0: Called Strike
0-1: Ball
1-1: Foul Ball, location: 2F
1-2: Strikes out swinging
Top of the 9th over - 0 run(s), 0 hit(s), 0 error(s), 1 left on base; Salem 7 - New Hampshire 3
BOTTOM OF THE 9TH
New Hampshire Fisher Cats batting - Pitching for Salem Silver Souls : LHP Pat Candelária
Pitching: RHP Javier Valenzuela
Batting: RHB Chris Parker 0-0: Ground out 4-3 (Groundball, 4M)
Batting: LHB Don Ramey 0-0: Foul Ball, location: 2F
0-1: Foul Ball, location: 2F
0-2: Ball
1-2: DOUBLE (Line Drive, 8RM)
Batting: RHB Júlio Trinidad 0-0: Fly out, F8 (Flyball, 8RXD)
Runner from 2nd tags up, SAFE at 3rd, no throw
Batting: RHB Benjamin Lawson 0-0: Called Strike
0-1: Ball
1-1: Foul Ball, location: 2F
1-2: Ball
2-2: Strikes out looking
Bottom of the 9th over - 0 run(s), 1 hit(s), 0 error(s), 1 left on base; Salem 7 - New Hampshire 3
This league is powered by Out of the Park Baseball, the baseball management simulation game for PC, Mac and Linux
Saturday, April 9th, 2016 - OOTP Baseball 16.8 Build 38